[Event "Titled Tuesday Blitz August 09 Early 2022"]
[White "Volkov, Maksim"]
[Black "Salem, A.R. Saleh"]
[WhiteFideId "54123070"]
[BlackFideId "9301348"]
[WhiteElo "2686"]
[BlackElo "2894"]
[Result "0-1"]
[Round "03"]
[TimeControl "180+1"]
[Date "2022.08.09"]
[WhiteClock "0:00:14"]
[BlackClock "0:00:05"]

1. d4 d5 2. c4 e6 3. Nf3 Nf6 4. g3 Bb4+ 5. Bd2 a5 6. Bg2 O-O 7. Qc2 c5 8. dxc5 d4 9. Bxb4 axb4 10. Ne5 Na6 11. Nd3 Qc7 12. Nd2 e5 13. Nb3 Bf5 14. O-O h5 15. Qd2 Ne4 16. Bxe4 Bxe4 17. Nxb4 Nxc5 18. Nxc5 Qxc5 19. Nd3 Qe7 20. Qb4 Qg5 21. f4 exf4 22. Rxf4 Rfe8 23. Qc5 Qxc5 24. Nxc5 Bc6 25. Kf2 Red8 26. a3 b6 27. Nd3 f6 28. h4 Ba4 29. Rc1 Rac8 30. b4 Be8 31. c5 b5 32. Ke1 Ra8 33. Ra1 Bf7 34. Kd2 Kh7 35. Kc2 Bc4 36. Kb2 Ra7 37. Re4 Kg6 38. Rd1 Kf5 39. Rf4+ Kg6 40. Nc1 Rda8 41. Rf3 Rd8 42. Nb3 Bxe2 43. Rxd4 Rxd4 44. Nxd4 Bxf3 45. Nxf3 Rd7 46. Kc3 Rd1 47. Nd4 Kf7 48. Nxb5 g5 49. Kc4 gxh4 50. gxh4 f5 51. c6 Ke7 52. Kc5 f4 53. Nd4 Rd3 54. b5 f3 55. Nxf3 Rxf3 56. b6 Kd8 57. Kd6 Rd3+ 58. Ke6 Rxa3 59. Kf5 Rg3 60. Ke6 Rg4 61. Kd6 Rd4+ 62. Kc5 Rxh4 63. Kd6 Rd4+ 64. Kc5 Rd1 65. Kb5 Kc8 66. Ka6 Rc1 67. Ka7 Ra1# 0-1


[Site "https://www.chess.com"]

[Event "Titled Tuesday Blitz August 09 Early 2022"]
[White "Weetik, Vjacheslav"]
[Black "Martinez Alcantara, Jose Eduardo"]
[WhiteFideId "4153472"]
[BlackFideId "3805662"]
[WhiteElo "2709"]
[BlackElo "3032"]
[Result "0-1"]
[Round "03"]
[TimeControl "180+1"]
[Date "2022.08.09"]
[WhiteClock "0:00:02"]
[BlackClock "0:00:19"]

1. d4 Nf6 2. c4 e6 3. g3 Bb4+ 4. Bd2 c5 5. dxc5 Bxc5 6. Bg2 Qb6 7. e3 d5 8. Nc3 Be7 9. cxd5 exd5 10. Nf3 Nc6 11. O-O O-O 12. Qb3 Na5 13. Qxb6 axb6 14. Nd4 Rd8 15. b3 Nc6 16. Ncb5 Nxd4 17. Nxd4 Ne4 18. Rfd1 Bf6 19. Bb4 Bd7 20. a4 Rac8 21. Rac1 h5 22. Bf1 Nc5 23. Rb1 Bg4 24. Rdc1 Ne4 25. Bg2 Bd7 26. f3 Nc5 27. Nb5 Bxb5 28. axb5 Re8 29. Bd2 Ra8 30. b4 Nd3 31. Rc2 Ne5 32. Bc3 Nc4 33. Bxf6 Nxe3 34. Rc7 gxf6 35. Rxb7 Ra2 36. Bh3 Rd8 37. Rxb6 d4 38. Rc6 d3 39. Rc3 d2 40. Rxe3 d1=Q+ 41. Re1 Qd4+ 0-1


[Site "https://www.chess.com"]

[Event "Titled Tuesday Blitz August 09 Early 2022"]
[White "White, John S."]
[Black "Najdin, Danil"]
[WhiteFideId "2502348"]
[BlackFideId "4172426"]
[WhiteElo "1597"]
[BlackElo "2240"]
[Result "0-1"]
[Round "03"]
[TimeControl "180+1"]
[Date "2022.08.09"]
[WhiteClock "0:00:01"]
[BlackClock "0:00:40"]

1. e4 g6 2. d4 Bg7 3. Nf3 c6 4. c4 d5 5. Nc3 Nf6 6. e5 Ne4 7. c5 O-O 8. Bd3 Nxc3 9. bxc3 f6 10. Qe2 Bg4 11. Qc2 Bxf3 12. gxf3 fxe5 13. Be3 Rxf3 14. h4 e4 15. Be2 Rf5 16. O-O-O h5 17. Rdg1 Kh7 18. Rg3 Nd7 19. Rhg1 Nf8 20. Qd1 Bh6 21. Bxh6 Kxh6 22. Qd2+ Kh7 23. Rg5 e6 24. Bxh5 Rxg5 25. Rxg5 Qf6 26. Bg4 b6 27. cxb6 axb6 28. Kb1 c5 29. dxc5 bxc5 30. Qe3 Rb8+ 31. Ka1 d4 32. Qh3 dxc3 33. Rxc5 c2+ 0-1


[Site "https://www.chess.com"]

[Event "Titled Tuesday Blitz August 09 Early 2022"]
[White "Wieczorek, Oskar"]
[Black "Nakamura, Hikaru"]
[WhiteFideId "1133950"]
[BlackFideId "2016192"]
[WhiteElo "2728"]
[BlackElo "3202"]
[Result "0-1"]
[Round "03"]
[TimeControl "180+1"]
[Date "2022.08.09"]
[WhiteClock "0:00:10"]
[BlackClock "0:01:03"]

1. e4 g6 2. d4 Bg7 3. Nf3 d6 4. Bc4 Nf6 5. Qe2 O-O 6. h3 c6 7. Bb3 d5 8. e5 Ne8 9. O-O a5 10. c3 b6 11. Re1 Nc7 12. Nbd2 c5 13. Nf1 Nc6 14. Be3 a4 15. Bc2 a3 16. bxa3 cxd4 17. cxd4 Rxa3 18. Bb3 Ra7 19. Qd2 Na5 20. Bh6 Nc4 21. Bxc4 dxc4 22. Bxg7 Kxg7 23. Ne3 Bb7 24. Nxc4 Bxf3 25. gxf3 Qd5 26. Nxb6 Qe6 27. Rab1 Rd8 28. Rb2 Qxh3 29. Qe3 Rb7 30. Qe4 Ne6 31. Qg4 Qxg4+ 32. fxg4 Rxd4 33. f3 Rd3 34. Kf2 Ra3 35. Re3 Ra6 36. Reb3 Nc5 37. Rc3 Ne6 38. Rcb3 Nc5 39. Rc3 Nd7 40. Nc4 Rxb2+ 41. Nxb2 Rxa2 42. Rc2 Nxe5 43. Re2 Rxb2 0-1


[Site "https://www.chess.com"]

[Event "Titled Tuesday Blitz August 09 Early 2022"]
[White "Williams, Simon K"]
[Black "Bychkov, Vladimir"]
[WhiteFideId "404454"]
[BlackFideId "24151513"]
[WhiteElo "2468"]
[BlackElo "2197"]
[Result "1-0"]
[Round "03"]
[TimeControl "180+1"]
[Date "2022.08.09"]
[WhiteClock "0:01:14"]
[BlackClock "0:01:27"]

1. c4 e5 2. Nc3 Bb4 3. e4 Bxc3 4. dxc3 Nf6 5. Bd3 a5 6. f3 Na6 7. Nh3 Nc5 8. Nf2 d6 9. Be3 b6 10. b3 Be6 11. O-O O-O 12. a4 Nfd7 13. Be2 f5 14. exf5 Bxf5 15. b4 Na6 16. c5 bxc5 17. b5 Nb4 18. cxb4 cxb4 19. Bc4+ Kh8 20. Rc1 Nf6 21. Bg5 h6 22. Bxf6 Qxf6 23. Bd5 Ra7 24. Ne4 Qh4 25. Qd2 Qd8 26. Qe3 Qb8 27. Rc4 Bd7 28. Rfc1 Qb6 29. Qxb6 cxb6 30. Nxd6 Bf5 31. Nxf5 Rxf5 32. Rc8+ 1-0


[Site "https://www.chess.com"]

[Event "Titled Tuesday Blitz August 09 Early 2022"]
[White "Yedidia, Daniel"]
[Black "Karttunen, Mika"]
[WhiteFideId "30905907"]
[BlackFideId "502081"]
[WhiteElo "2544"]
[BlackElo "2343"]
[Result "0-1"]
[Round "03"]
[TimeControl "180+1"]
[Date "2022.08.09"]
[WhiteClock "0:00:03"]
[BlackClock "0:00:19"]

1. d4 Nf6 2. c4 e6 3. Nc3 d5 4. cxd5 exd5 5. Bg5 Bb4 6. e3 h6 7. Bh4 g5 8. Bg3 Ne4 9. Qb3 Nc6 10. Bb5 O-O 11. Ne2 a5 12. a3 Bxc3+ 13. Nxc3 Be6 14. Bxc6 bxc6 15. Nxe4 dxe4 16. Qc3 Bd5 17. h4 Kg7 18. O-O-O Qe7 19. Qc5 Qd7 20. hxg5 hxg5 21. Rh5 f6 22. Rdh1 Bg8 23. Qc2 Rfe8 24. Qc3 Rab8 25. Qxa5 Rb5 26. Qc3 Reb8 27. Rd1 Rxb2 28. Qxb2 Rxb2 29. Kxb2 Qf7 30. Rhh1 Qa2+ 31. Kc3 Qxa3+ 32. Kd2 Qb2+ 33. Ke1 Bc4 34. Rd2 Qc1+ 35. Rd1 Qc3+ 36. Rd2 Bb3 37. Ke2 Bc4+ 38. Ke1 Bd3 39. Bxc7 Qb4 40. f3 Qb1+ 41. Rd1 Qc2 42. Rd2 Qc1+ 43. Rd1 Qxe3# 0-1


[Site "https://www.chess.com"]

[Event "Titled Tuesday Blitz August 09 Early 2022"]
[White "Yirik, Volkan"]
[Black "Gil Alba, Hector Luis"]
[WhiteFideId "6300782"]
[BlackFideId "3504670"]
[WhiteElo "2313"]
[BlackElo "2331"]
[Result "0-1"]
[Round "03"]
[TimeControl "180+1"]
[Date "2022.08.09"]
[WhiteClock "0:01:20"]
[BlackClock "0:00:48"]

1. e4 e5 2. Nc3 Nc6 3. Nf3 Nf6 4. d4 exd4 5. Nd5 Be7 6. Bc4 d6 7. O-O O-O 8. Nxd4 Nxd5 9. Bxd5 Nxd4 10. Qxd4 c6 11. Bb3 Bf6 12. Qd3 Qe7 13. c3 Re8 14. Bf4 Be5 15. Bxe5 dxe5 16. f4 exf4 17. Rxf4 Be6 18. Bxe6 Qxe6 19. Raf1 f6 20. b3 Rad8 21. Qf3 Rd2 22. Rf2 Red8 23. h3 Rd1+ 24. Kh2 Qe5 25. Qg3 Kh8 26. Rg4 Qxg3+ 27. Kxg3 Re1 28. Rgf4 Kg8 29. R2f3 Rd2 30. Rf2 Ree2 31. Rxe2 Rxe2 32. Rf2 Rxe4 33. Rd2 Kf7 34. Rd7+ Re7 35. Rd3 g5 36. h4 Kg6 37. hxg5 fxg5 38. Rd6+ Kf5 39. Rd3 h5 40. Rf3+ Kg6 41. Rd3 h4+ 42. Kf3 Kf5 43. g4+ hxg3 44. Kxg3 g4 45. a4 a5 46. b4 axb4 47. cxb4 Re4 48. Rb3 Ke5 49. a5 Kd5 50. b5 c5 51. a6 bxa6 52. bxa6 Ra4 53. a7 Rxa7 54. Kxg4 Re7 55. Rd3+ Kc4 56. Rd8 Kc3 0-1


[Site "https://www.chess.com"]

[Event "Titled Tuesday Blitz August 09 Early 2022"]
[White "Yurovskykh, Oleksandr"]
[Black "Belov, Vladimir"]
[WhiteFideId "14134020"]
[BlackFideId "4132394"]
[WhiteElo "2292"]
[BlackElo "2501"]
[Result "0-1"]
[Round "03"]
[TimeControl "180+1"]
[Date "2022.08.09"]
[WhiteClock "0:00:02"]
[BlackClock "0:00:16"]

1. d4 Nf6 2. Nf3 g6 3. Bg5 Bg7 4. Nbd2 O-O 5. c3 d5 6. e3 c5 7. Be2 Nc6 8. O-O Qb6 9. Qb3 c4 10. Qc2 Bf5 11. Qc1 Qc7 12. b3 b5 13. a4 a6 14. Qb2 Rab8 15. Bf4 Qd7 16. Bxb8 Rxb8 17. axb5 axb5 18. b4 h6 19. Ra6 g5 20. Rfa1 Kh7 21. Bd1 e6 22. Bc2 Ng8 23. Qb1 Nge7 24. e4 Bg6 25. e5 Nf5 26. g4 Nfe7 27. h4 gxh4 28. Nxh4 Bxc2 29. Qxc2+ Kg8 30. f4 f6 31. Ng6 fxe5 32. fxe5 Qe8 33. Nxe7+ Nxe7 34. Rxe6 Qf7 35. Rea6 Qf4 36. Nf1 Rf8 37. Qg2 Kh7 38. Ra7 Ng6 39. Rd7 Nh4 40. Qg3 Nf3+ 41. Kg2 Qe4 42. Kh3 Ng5+ 43. Kh4 Rf3 44. Raa7 Rxg3 45. Rxg7+ Kh8 0-1


[Site "https://www.chess.com"]

[Event "Titled Tuesday Blitz August 09 Early 2022"]
[White "Zaloznyy, Mike"]
[Black "Stepanencu, Nicodim-Cosmin"]
[WhiteFideId "2023075"]
[BlackFideId "1256220"]
[WhiteElo "2003"]
[BlackElo "1941"]
[Result "0-1"]
[Round "03"]
[TimeControl "180+1"]
[Date "2022.08.09"]
[WhiteClock "0:00:01"]
[BlackClock "0:01:39"]

1. Nf3 g6 2. e3 Bg7 3. d4 Nf6 4. b3 O-O 5. Bb2 d5 6. c4 c6 7. Nc3 Bg4 8. Be2 Nbd7 9. h3 Bxf3 10. Bxf3 e6 11. O-O b6 12. a4 Rb8 13. a5 b5 14. cxb5 cxb5 15. a6 Qb6 16. b4 Rfc8 17. Be2 Qc6 18. Ra5 Qd6 19. Nxb5 Qxb4 20. Qa1 Ne4 21. Ra4 Qd2 22. Re1 Rxb5 23. Bxb5 Qxf2+ 24. Kh1 Rc2 25. Rg1 Rxb2 26. Bc6 Bf8 27. Bxd7 Ng3+ 0-1


[Site "https://www.chess.com"]

[Event "Titled Tuesday Blitz August 09 Early 2022"]
[White "Zenin, Dmitry"]
[Black "Zaichenko, Daria"]
[WhiteFideId "4127897"]
[BlackFideId "4197453"]
[WhiteElo "2215"]
[BlackElo "2039"]
[Result "1/2-1/2"]
[Round "03"]
[TimeControl "180+1"]
[Date "2022.08.09"]
[WhiteClock "0:00:10"]
[BlackClock "0:00:23"]

1. c4 e6 2. Nc3 d5 3. d4 Be7 4. cxd5 exd5 5. Bf4 c6 6. e3 Bf5 7. g4 Bg6 8. h4 h5 9. g5 Bf5 10. Bd3 Be6 11. Nge2 Nd7 12. Ng3 Qb6 13. Rb1 c5 14. Nb5 Rc8 15. Be2 f6 16. Bxh5+ Kd8 17. Nc3 fxg5 18. hxg5 cxd4 19. exd4 Rc4 20. Be3 Bd6 21. Be2 Rxh1+ 22. Nxh1 Bf5 23. Bxc4 dxc4 24. Rc1 Qxb2 25. Qd2 Qa3 26. Nb5 Qb4 27. Nxd6 Qxd6 28. Rxc4 Qd5 29. Ng3 Qxc4 30. Nxf5 Ne7 31. Nxe7 Kxe7 32. Qe2 Qxe2+ 33. Kxe2 g6 34. Kd3 Ke6 35. Kc4 Nb6+ 36. Kb5 Kd5 37. a4 Nc4 38. Kb4 Nd6 39. Kc3 b5 40. axb5 Nxb5+ 41. Kd3 a5 42. Bd2 a4 43. Bc3 Nxc3 44. Kxc3 a3 45. Kb3 Kxd4 46. Kxa3 Ke4 47. Kb3 Kf4 48. Kc3 Kxg5 49. Kd3 Kf4 50. Ke2 g5 51. Kf1 Kf3 52. Kg1 g4 53. Kf1 g3 54. fxg3 Kxg3 1/2-1/2


[Site "https://www.chess.com"]

[Event "Titled Tuesday Blitz August 09 Early 2022"]
[White "Zhigalko, Sergei"]
[Black "Pinheiro, Iung Alicio de O."]
[WhiteFideId "13502956"]
[BlackFideId "2104350"]
[WhiteElo "2662"]
[BlackElo "2283"]
[Result "0-1"]
[Round "03"]
[TimeControl "180+1"]
[Date "2022.08.09"]
[WhiteClock "0:00:02"]
[BlackClock "0:00:05"]

1. e4 c5 2. Nf3 Nc6 3. c3 Nf6 4. e5 Nd5 5. Bc4 Nb6 6. Bb3 c4 7. Bc2 Qc7 8. Qe2 g5 9. h3 Bg7 10. O-O Nxe5 11. Nxg5 Qc6 12. Re1 d5 13. d4 cxd3 14. Bxd3 Qf6 15. Bxh7 Bf5 16. Bxf5 Qxf5 17. Qb5+ Nc6 18. a4 Bf6 19. f4 Bxg5 20. fxg5 O-O-O 21. a5 Rxh3 22. gxh3 Qxh3 23. Qe2 Rh8 24. Qg2 Qf5 25. Rf1 Qe6 26. axb6 Rh4 27. bxa7 Nxa7 28. Rxa7 Rg4 29. Ra8+ Kd7 30. Nd2 Rxg2+ 31. Kxg2 Qe2+ 32. Rf2 Qg4+ 33. Kh2 Qh4+ 34. Kg1 Qg4+ 35. Rg2 Qd1+ 36. Nf1 Qxc1 37. Ra4 e6 38. Rb4 Kc6 39. g6 fxg6 40. Rxg6 Qe1 41. Rg2 b6 42. Rf4 Kd6 43. Rf3 Qb1 44. Re3 Qf5 45. Rf2 Qg5+ 46. Rg2 Qf5 47. Rgg3 Qb1 48. b4 Qc2 49. Rh3 Qg6+ 50. Kf2 Qf5+ 51. Kg2 Qg6+ 52. Rhg3 Qc2+ 53. Kg1 Qf5 54. Nh2 Qb1+ 55. Kg2 Qc2+ 56. Kf3 Qf5+ 57. Kg2 Qc2+ 58. Kh1 Qd1+ 59. Rg1 Qh5 60. Rf3 Qh7 61. Kg2 Qe4 62. Rf1 Qc2+ 63. Kg1 Qg6+ 64. Kh1 Qc2 65. Re1 Qg6 66. Rfe3 Qf5 67. Rxe6+ Kc7 68. Re7+ Kc6 69. R7e3 Kb5 70. Rd1 Qh5 71. Red3 Kc4 72. Kg2 Qg5+ 73. Kh1 Qh5 74. R1d2 Qg6 75. Rxd5 Qe4+ 76. Kg1 Qxd5 77. Rxd5 Kxd5 0-1


[Site "https://www.chess.com"]

[Event "Titled Tuesday Blitz August 09 Early 2022"]
[White "Zierk, Steven"]
[Black "Averjanov, Alexey"]
[WhiteFideId "2034255"]
[BlackFideId "14109867"]
[WhiteElo "2494"]
[BlackElo "2653"]
[Result "1-0"]
[Round "03"]
[TimeControl "180+1"]
[Date "2022.08.09"]
[WhiteClock "0:00:23"]
[BlackClock "0:00:16"]

1. e4 c6 2. d4 d5 3. exd5 cxd5 4. Bd3 Nc6 5. c3 Qc7 6. Ne2 Bg4 7. O-O Bh5 8. f4 e6 9. Qe1 Bxe2 10. Qxe2 Bd6 11. g3 Nf6 12. Nd2 h5 13. Nf3 g6 14. Bd2 Ne7 15. Kg2 Nf5 16. Ne5 Kf8 17. h3 Kg7 18. g4 hxg4 19. hxg4 Nh4+ 20. Kf2 Rh7 21. Rh1 Rah8 22. Rh3 Nd7 23. Rah1 Nxe5 24. fxe5 Be7 25. Ke1 Qd8 26. Kd1 Bg5 27. Be1 Rh6 28. Bg3 a6 29. Qf2 Qe7 30. a4 a5 31. Kc2 b6 32. Kb1 R8h7 33. Bf4 Rh8 34. Rf1 Bxf4 35. Qxf4 g5 36. Qf2 Ng6 37. Rxh6 Rxh6 38. Bxg6 Rxg6 39. Qe2 Rh6 40. Qb5 Qd8 41. Qc6 Rh8 42. Qb7 Rf8 43. Rf6 Kg8 44. Qc6 Kg7 45. Qb5 Rh8 46. Qf1 Qe8 47. Qc1 Qxa4 48. Qxg5+ Kf8 49. Rf1 Rh7 50. Qd8+ Kg7 51. g5 Qb5 52. Qf6+ Kg8 53. g6 Qd3+ 54. Ka1 Qxg6 55. Qd8+ Kg7 56. Qxb6 Qg2 57. Rb1 a4 58. Qb4 Rh1 59. Qxa4 Rxb1+ 60. Kxb1 Qe4+ 61. Qc2 Qe1+ 62. Ka2 Qf1 63. b4 Qa6+ 64. Kb2 f6 65. Qg2+ Kf7 66. exf6 Kxf6 67. Qh2 Qc4 68. Qg3 Ke7 69. Qf3 Kd6 70. Kc2 Qa2+ 71. Kd1 Qb1+ 72. Ke2 Qc2+ 73. Kf1 Qc1+ 74. Kg2 Qe1 75. Qg3+ Qxg3+ 76. Kxg3 e5 77. dxe5+ Kxe5 78. Kf3 d4 79. c4 d3 80. Ke3 d2 81. Kxd2 Kd4 82. c5 Kd5 83. Kc3 Kc6 84. Kc4 Kb7 85. b5 Kc7 86. b6+ Kc6 87. Kb4 Kb7 88. Kb5 Kb8 89. c6 Ka8 90. Ka6 Kb8 91. c7+ Kc8 92. Ka7 Kd7 93. Kb7 Kd6 94. c8=Q Kd5 95. Qc6+ Kd4 96. Kc7 Kd3 97. b7 Kd2 98. b8=Q Kd1 99. Qbb5 Kd2 100. Qcc4 Ke1 101. Qbb3 Kf2 102. Qcc2+ Ke1 103. Qbb1# 1-0


[Site "https://www.chess.com"]

[Event "Titled Tuesday Blitz August 09 Early 2022"]
[White "Zou, Chen"]
[Black "Sarana, Alexey"]
[WhiteFideId "8610959"]
[BlackFideId "24133795"]
[WhiteElo "2722"]
[BlackElo "3072"]
[Result "0-1"]
[Round "03"]
[TimeControl "180+1"]
[Date "2022.08.09"]
[WhiteClock "0:00:12"]
[BlackClock "0:00:06"]

1. d4 Nf6 2. c4 e6 3. Nf3 d5 4. Nc3 Nbd7 5. Bg5 h6 6. Bh4 Bb4 7. cxd5 exd5 8. e3 g5 9. Bg3 Ne4 10. Nd2 Nxg3 11. hxg3 c6 12. Qc2 Nf6 13. O-O-O Be6 14. Bd3 Qa5 15. Nb3 Qc7 16. Kb1 Kf8 17. Rc1 Qe7 18. Rhe1 Kg7 19. a3 Bd6 20. Na4 Rae8 21. Nc3 b6 22. e4 dxe4 23. Nxe4 Nxe4 24. Bxe4 Rc8 25. Bf5 Bxf5 26. Qxf5 Qf6 27. Qxf6+ Kxf6 28. Rc2 Rc7 29. Rec1 Rhc8 30. Rc3 Ke6 31. Kc2 c5 32. dxc5 bxc5 33. Re1+ Kf6 34. Nd2 Bf8 35. Nc4 Rd8 36. Rf3+ Kg7 37. Rd3 Rb8 38. Red1 Rbb7 39. Rd8 Be7 40. R8d5 Bf6 41. R1d3 Bd4 42. f4 Kg6 43. b3 Re7 44. Ne5+ Kg7 45. Kd2 Re6 46. Nf3 Bb2 47. fxg5 Bxa3 48. gxh6+ Rxh6 49. g4 Bb4+ 50. Kc2 Re7 51. Rg5+ Rg6 52. Rxg6+ Kxg6 53. Kd1 Re4 54. Rd6+ f6 55. Nh4+ Kf7 56. Rd7+ Ke6 57. Rxa7 Rxg4 58. Rh7 Rd4+ 59. Kc2 Rd2+ 60. Kc1 Rf2 61. Rh8 Bd2+ 62. Kd1 Bg5 63. Nf3 Rxg2 64. Nxg5+ fxg5 65. Ke1 Rg3 66. Rc8 Kd5 67. Rd8+ Ke4 68. Rc8 Kd4 69. Rb8 g4 70. Kf2 Rf3+ 71. Kg2 Rd3 72. Rb5 Rc3 73. Rb8 Kd3 74. Rb5 Kc2 75. Kf2 Kd2 76. Kg2 Kc1 77. Kf2 Kb2 78. Kg2 Rc2+ 79. Kg3 Kc1 80. Kxg4 Kd2 81. Kf4 Kd3 82. Ke5 Rh2 83. Kd5 Rh5+ 84. Kc6 Kd4 85. Kb6 Rh8 86. Kc6 Rc8+ 87. Kd6 Rd8+ 88. Kc7 Rh8 89. Kc6 Rg8 90. Kc7 Rg6 91. Kd7 Kd5 92. Kc7 Rh6 93. Kd7 Rh7+ 94. Ke8 Kc6 95. Ra5 Rh4 96. Ra8 Rb4 97. Ra3 Rd4 98. Ke7 Re4+ 99. Kf6 Kb5 100. Ra8 Kc6 101. Rb8 Kd5 102. Rd8+ Kc6 103. Rb8 Kc7 104. Rb5 Kd6 105. Rb8 Kc6 106. Rc8+ Kb6 107. Rb8+ Ka5 108. Ra8+ Kb5 109. Rb8+ Ka6 110. Ra8+ Kb7 111. Rh8 Re3 112. Rh5 Kb6 113. Rh8 Kc7 114. Rh7+ Kc6 115. Kf5 Rxb3 116. Ke4 Rg3 117. Rh8 Kb5 118. Rh1 c4 119. Rh8 Kb4 120. Rb8+ Kc3 121. Ra8 Rg4+ 122. Kd5 Kd3 123. Rh8 c3 124. Rh3+ Kc2 125. Rh2+ Kb3 126. Kc5 c2 127. Rh3+ Kb2 128. Rh1 c1=Q+ 0-1


[Site "https://www.chess.com"]

[Event "Titled Tuesday Blitz August 09 Early 2022"]
[White "parintele_chess"]
[Black "Jorquera, Marcelo"]
[BlackFideId "3401197"]
[WhiteElo "2212"]
[BlackElo "2136"]
[Result "0-1"]
[Round "03"]
[TimeControl "180+1"]
[Date "2022.08.09"]
[WhiteClock "0:00:40"]
[BlackClock "0:00:41"]

1. d4 Nf6 2. c4 g6 3. Nc3 Bg7 4. e4 d6 5. Be2 O-O 6. Bg5 Na6 7. f4 c6 8. Nf3 Nc7 9. O-O Ne6 10. Bxf6 Bxf6 11. e5 Bg7 12. f5 gxf5 13. Kh1 dxe5 14. Nxe5 Qxd4 15. Rxf5 Bxe5 16. Qf1 Bg7 17. Rd1 Qb6 18. Bh5 Bf6 19. Rd3 Ng7 20. Rg3 Bxf5 21. Qxf5 Kh8 22. Qg4 Nxh5 23. Qxh5 Qf2 24. Qd1 Rad8 25. Qb1 Bxc3 26. bxc3 Rg8 0-1


[Site "https://www.chess.com"]

[Event "Titled Tuesday Blitz August 09 Early 2022"]
[White "Aaditya Dhingra"]
[Black "Wieczorek, Oskar"]
[WhiteFideId "25678191"]
[BlackFideId "1133950"]
[WhiteElo "1849"]
[BlackElo "2302"]
[Result "0-1"]
[Round "04"]
[TimeControl "180+1"]
[Date "2022.08.09"]
[WhiteClock "0:00:04"]
[BlackClock "0:00:27"]

1. e4 c5 2. Nf3 e6 3. d3 Nc6 4. Nbd2 g6 5. g3 Bg7 6. Bg2 d6 7. O-O Nge7 8. Re1 O-O 9. Nf1 b6 10. h4 h6 11. N1h2 f5 12. exf5 gxf5 13. c3 e5 14. h5 d5 15. Nh4 e4 16. Bf4 Be6 17. Bh3 Qd7 18. Qd2 Kh7 19. Kh1 Rad8 20. f3 Ne5 21. dxe4 fxe4 22. Bxe6 Qxe6 23. fxe4 d4 24. cxd4 cxd4 25. Rac1 d3 26. Rc7 Nc4 27. Qd1 d2 28. Rg1 Nxb2 29. Qg4 Qxg4 30. Nxg4 d1=Q 31. Rxd1 Rxd1+ 32. Kh2 Rf7 33. Ng6 Nxg6 34. Rxf7 Nxf4 35. gxf4 Rd8 36. f5 Kg8 37. Rxa7 Rf8 38. Kg3 Nd3 39. Rd7 Nc5 40. Re7 Rf7 41. Re8+ Rf8 42. Re7 Ra8 43. f6 Bf8 44. f7+ Kg7 45. Re8 Ra3+ 46. Kf4 Kxf7 47. Rc8 Ra4 48. Ne5+ Ke6 49. Rxf8 Rxe4+ 50. Kf3 Rxe5 51. Rb8 Nd7 52. Re8+ Kf7 53. Rd8 Ke7 54. Rh8 Rxh5 55. Rh7+ Ke6 56. Kg4 Nf6+ 0-1


[Site "https://www.chess.com"]

[Event "Titled Tuesday Blitz August 09 Early 2022"]
[White "Abdrlauf, Elham"]
[Black "Solon, Nathan"]
[WhiteFideId "1533533"]
[BlackFideId "2017229"]
[WhiteElo "2430"]
[BlackElo "2651"]
[Result "1-0"]
[Round "04"]
[TimeControl "180+1"]
[Date "2022.08.09"]
[WhiteClock "0:00:50"]
[BlackClock "0:00:01"]

1. e4 c6 2. d4 d5 3. Nc3 dxe4 4. Nxe4 Nf6 5. Nxf6+ exf6 6. c3 Bd6 7. Bd3 O-O 8. Qc2 Re8+ 9. Ne2 h5 10. O-O h4 11. Bf4 Na6 12. Rfe1 Nc7 13. h3 Nd5 14. Bxd6 Qxd6 15. Qd2 b5 16. a4 Bd7 17. axb5 cxb5 18. Ra5 a6 19. Rea1 g5 20. c4 bxc4 21. Bxc4 Nb4 22. Nc3 Kg7 23. Nd1 Re4 24. Ne3 Rxd4 25. Qc3 Rc8 26. b3 Nc6 27. Rxa6 Qe5 28. Qe1 Re4 29. Rd1 Nd4 30. Ra5 Qc7 31. Rd5 Qa7 32. Qd2 Be6 33. Rxd4 1-0


[Site "https://www.chess.com"]

[Event "Titled Tuesday Blitz August 09 Early 2022"]
[White "Adewumi, Tanitoluwa"]
[Black "Agasarov, Benik"]
[WhiteFideId "30966396"]
[BlackFideId "13314823"]
[WhiteElo "2511"]
[BlackElo "2152"]
[Result "0-1"]
[Round "04"]
[TimeControl "180+1"]
[Date "2022.08.09"]
[WhiteClock "0:00:06"]
[BlackClock "0:01:39"]

1. e4 e5 2. Nf3 Nc6 3. Bc4 Nf6 4. d3 Bc5 5. O-O O-O 6. Re1 d6 7. c3 a6 8. a4 Ba7 9. h3 h6 10. Nbd2 Re8 11. b4 Be6 12. Bxe6 Rxe6 13. Qc2 d5 14. Nb3 d4 15. b5 Ne7 16. cxd4 exd4 17. Bb2 c5 18. Nxc5 Bxc5 19. Qxc5 Rc8 20. Qxd4 axb5 21. axb5 Rb6 22. e5 Ne8 23. Qxd8 Rxd8 24. Nd4 Nc7 25. Ra5 Rd5 26. Rc1 Nxb5 27. Nxb5 Rbxb5 28. Rxb5 Rxb5 29. Ba3 Nc6 30. Bd6 Rd5 31. Rb1 b5 32. f4 f6 33. Re1 fxe5 34. fxe5 Rxd3 35. Kf2 Rd2+ 36. Re2 Rxe2+ 37. Kxe2 Kf7 38. Kd3 Ke6 39. Ke4 g6 40. g4 b4 41. h4 b3 42. Kd3 Nxe5+ 43. Bxe5 Kxe5 44. h5 g5 45. Kc3 Kf4 46. Kxb3 Kxg4 47. Kc3 Kxh5 48. Kd3 0-1


[Site "https://www.chess.com"]

[Event "Titled Tuesday Blitz August 09 Early 2022"]
[White "Adury, Anant"]
[Black "Namitbir Singh Walia"]
[WhiteFideId "30964687"]
[BlackFideId "35071068"]
[WhiteElo "2338"]
[BlackElo "1664"]
[Result "0-1"]
[Round "04"]
[TimeControl "180+1"]
[Date "2022.08.09"]
[WhiteClock "0:01:30"]
[BlackClock "0:02:05"]

1. d4 d5 2. c4 c6 3. Nc3 Nf6 4. cxd5 cxd5 5. Bf4 Nc6 6. e3 a6 7. Bd3 Bg4 8. Nge2 e6 9. f3 Bh5 10. Kf2 Bd6 11. Bxd6 Qxd6 12. Nf4 Bg6 13. Nxg6 hxg6 14. a3 Rxh2 15. Rxh2 Qxh2 16. Qh1 Qxh1 17. Rxh1 Ke7 18. Na4 Nd7 19. Rh7 Kf6 20. g4 g5 21. f4 gxf4 22. exf4 Rg8 23. Ke3 b5 24. Nc3 Na5 25. Ne2 Nc4+ 26. Bxc4 bxc4 27. Ng3 g6 28. Ne2 Rb8 29. Ng1 Rb3+ 30. Kf2 Rxb2+ 31. Kg3 Nf8 32. Rh8 Kg7 33. Rh2 Rb3+ 34. Kh4 Rxa3 35. Nh3 Nd7 36. Rb2 Rb3 37. Ra2 Rb6 38. Ng5 Nf6 39. Ra5 Rc6 40. Ra2 c3 41. Rc2 Ne4 42. Nxe4 dxe4 43. Kg3 f5 44. gxf5 gxf5 45. Kf2 Kf6 46. Ke3 Ke7 47. d5 exd5 48. Kd4 Kd6 49. Ke3 Rc4 50. Ke2 d4 51. Kd1 d3 52. Ra2 Rc6 53. Ra5 c2+ 54. Kc1 d2+ 55. Kxd2 c1=Q+ 56. Ke2 Rc2# 0-1


[Site "https://www.chess.com"]

[Event "Titled Tuesday Blitz August 09 Early 2022"]
[White "Aggelis, Nikolaos"]
[Black "Martin Alvarez, Inigo"]
[WhiteFideId "4213220"]
[BlackFideId "2259354"]
[WhiteElo "2154"]
[BlackElo "2300"]
[Result "1-0"]
[Round "04"]
[TimeControl "180+1"]
[Date "2022.08.09"]
[WhiteClock "0:00:44"]
[BlackClock "0:00:11"]

1. d4 f5 2. Nc3 Nf6 3. Bg5 e6 4. d5 h6 5. Bxf6 Qxf6 6. dxe6 dxe6 7. Nf3 Bb4 8. Qd4 Qxd4 9. Nxd4 Bxc3+ 10. bxc3 e5 11. Nb5 Na6 12. e4 O-O 13. exf5 Bxf5 14. Bd3 Rad8 15. Rd1 c6 16. Bc4+ Kh8 17. Nd6 Bg6 18. Bxa6 bxa6 19. c4 Kh7 20. c5 Bxc2 21. Rd2 Rb8 22. O-O Ba4 23. f3 Rb4 24. Re1 Bb5 25. Rxe5 Rb1+ 26. Kf2 Rf4 27. Ne4 Bc4 28. Rd7 Rf7 29. Rd6 Bd5 30. Nc3 Rb2+ 31. Kg3 Bxa2 32. Rxc6 Bc4 33. Ne4 Bf1 34. Nf2 a5 35. Re1 Bb5 36. Rce6 a4 37. Re7 Rxe7 38. Rxe7 a3 39. Rxa7 a2 40. Ne4 Bc4 41. c6 Rb1 42. c7 a1=Q 43. Rxa1 Rxa1 44. c8=Q 1-0


[Site "https://www.chess.com"]